[Event "Team 45 45 League T52"]
[Site "Internet Chess Club"]
[Date "2012.03.17"]
[Round "5"]
[White "eurander"]
[Black "DarkFlow"]
[Result "0-1"]
[WhiteElo "2112"]
[BlackElo "1934"]
[Opening "Petrov: French attack"]
[ECO "C42"]
[Time "06:00:32"]
[TimeControl "2700+45"]

1. e4 e5 2. Nf3 Nf6 3. Nxe5 d6 4. Nf3 Nxe4 5. d3 Nf6 6. d4 d5 7. Bg5 Be7 8. Bd3
O-O 9. Nbd2 Bg4 10. c3 Ne4 11. Bf4 Bd6 12. Bxd6 Qxd6 13. Be2 Nxd2 14. Qxd2 Bxf3
15. Bxf3 Re8+ 16. Kf1 Nd7 17. g3 Re7 18. Kg2 Rae8 19. Qc2 Nf6 20. Qa4 a6 21. Qb3
c6 22. a4 Qd7 23. Qc2 Ne4 24. h4 h6 25. Rhe1 Nf6 26. Qd2 Qd6 27. Kf1 Ne4 28.
Bxe4 Rxe4 29. Rxe4 Rxe4 30. Re1 Qe6 31. Re2 f5 32. Qe1 f4 33. Rxe4 dxe4 34. gxf4
Qh3+ 35. Ke2 Qd3# {White checkmated} 0-1

[Event "Team 45 45 League T52"]
[Site "Internet Chess Club"]
[Date "2012.03.19"]
[Round "5"]
[White "ghostfire"]
[Black "kidviper"]
[Result "0-1"]
[WhiteElo "1755"]
[BlackElo "1998"]
[Opening "Ruy Lopez: Schliemann defense"]
[ECO "C63"]
[Time "18:00:18"]
[TimeControl "2700+45"]

1. e4 e5 2. Nf3 Nc6 3. Bb5 f5 4. d3 fxe4 5. dxe4 Nf6 6. O-O Bc5 7. Bxc6 bxc6 8.
Nxe5 O-O 9. Bg5 Qe8 10. Nd3 Nxe4 11. Nxc5 Nxg5 12. Nc3 Qg6 13. Nxd7 Nh3+ 14. Kh1
Rxf2 15. g3 Rxf1+ 16. Qxf1 Bxd7 17. Rd1 Rf8 18. Qc4+ Be6 {White resigns} 0-1

[Event "Team 45 45 League T52"]
[Site "Internet Chess Club"]
[Date "2012.03.17"]
[Round "5"]
[White "kidcobra"]
[Black "Egmont"]
[Result "1/2-1/2"]
[WhiteElo "1754"]
[BlackElo "1763"]
[Opening "English opening"]
[ECO "A10"]
[Time "10:03:18"]
[TimeControl "2700+45"]

1. c4 g6 2. Nc3 Bg7 3. g3 Nf6 4. Bg2 d6 5. Nf3 O-O 6. O-O c6 7. e3 Be6 8. d3 Na6
9. Nd4 Bg4 10. f3 Bd7 11. Nb3 Nc7 12. Bd2 d5 13. cxd5 Ncxd5 14. e4 Qb6+ 15. Kh1
Ne3 16. Bxe3 Qxe3 17. Qd2 Qxd2 18. Nxd2 Rfd8 19. Rfd1 Ne8 20. Nf1 Be6 21. Ne3
Rd7 22. Rd2 Rad8 23. Bf1 Nd6 24. a3 Bb3 25. Be2 Ne8 26. Kg2 Nc7 27. Rb1 Ne6 28.
Ncd1 Nd4 29. Nf2 Ba4 30. Nc4 Nxe2 31. Rxe2 Bd4 32. b3 Bxf2 33. Kxf2 Bb5 34. a4
Bxc4 35. dxc4 Rd3 36. Rbb2 Kg7 37. Ke1 Rd1+ 38. Kf2 Kf6 39. e5+ Kf5 40. g4+ Kg5
41. Kg3 Rg1+ 42. Kf2 Rdd1 43. Ke3 Rde1 44. Ke4 Rg2 45. Rxe1 Rxb2 46. h4+ Kxh4
47. Rh1+ Kg3 48. Rxh7 Rxb3 49. Rxf7 Rb4 50. Rxe7 Rxc4+ 51. Ke3 Rc3+ 52. Ke4 Rxf3
53. Rxb7 Rf4+ 54. Ke3 Rxa4 55. e6 Ra1 56. Rb3 Kxg4 57. Kd4 Ra4+ 58. Ke5 Ra5+ 59.
Kf6 Rf5+ 60. Kg7 Re5 61. Kf7 Rf5+ 62. Ke8 Kg5 63. Re3 Kf6 64. e7 Rb5 65. Kf8
Rb8+ 66. e8=Q Rxe8+ 67. Rxe8 g5 68. Rc8 g4 69. Rxc6+ Kf5 70. Ra6 g3 71. Rxa7 Kf4
72. Ra4+ Kf3 73. Ra3+ Kf2 74. Ra2+ Kf3 75. Kf7 g2 76. Ra1 Kf2 77. Ra2+ Kf1 78.
Rxg2 Kxg2 {Game drawn because neither player has mating material} 1/2-1/2

[Event "Team 45 45 League T52"]
[Site "Internet Chess Club"]
[Date "2012.03.19"]
[Round "5"]
[White "Constrictor"]
[Black "julesraider"]
[Result "1-0"]
[WhiteElo "1737"]
[BlackElo "1584"]
[Opening "King's Indian, 3.Nf3"]
[ECO "E61"]
[Time "20:01:54"]
[TimeControl "2700+45"]

1. Nf3 Nf6 2. d4 g6 3. c4 Bg7 4. Nc3 O-O 5. Bg5 h6 6. Bh4 d6 7. e4 g5 8. Bg3
Nbd7 9. Be2 a6 10. O-O Nh5 11. Rc1 Nxg3 12. hxg3 e5 13. d5 a5 14. a3 Nc5 15. b4
axb4 16. axb4 Na6 17. Qb3 f5 18. Ra1 c6 19. Nd2 Qb6 20. Rfb1 Nc5 21. bxc5 Qxb3
22. Nxb3 fxe4 23. Rxa8 cxd5 24. Nxd5 {Black resigns} 1-0

[Event "Team 45 45 League T52"]
[Site "Internet Chess Club"]
[Date "2012.03.19"]
[Round "5"]
[White "Deckfuel"]
[Black "CamLeslie"]
[Result "0-1"]
[WhiteElo "1881"]
[BlackElo "1819"]
[Opening "Sicilian: closed"]
[ECO "B23"]
[Time "06:32:26"]
[TimeControl "2700+45"]

1. e4 c5 2. Nc3 g6 3. f4 Bg7 4. Nf3 Nc6 5. Bb5 Nd4 6. O-O e6 7. e5 f5 8. Nxd4
cxd4 9. Ne2 Qb6 10. Bd3 Ne7 11. Kh1 d6 12. exd6 Qxd6 13. b3 O-O 14. a4 b6 15.
Ba3 Qc7 16. Bc4 Rd8 17. Nc1 Kh8 18. Nd3 Nc6 19. Qe1 e5 20. fxe5 Nxe5 21. Nxe5
Bxe5 22. Qh4 Re8 23. Bd5 Rb8 24. Rae1 Ba6 25. d3 Kg7 26. Re2 Bf6 27. Qf2 Qd7 28.
Bf3 Rxe2 29. Qxe2 Re8 30. Qf2 Bg5 31. g3 Re3 32. Kg1 Rxd3 33. Qe2 Rxf3 34. Qxa6
Rxf1+ 35. Kxf1 Be3 36. Ke2 Qc7 37. Qd3 Qc6 38. Bb2 Qg2+ 39. Kd1 Qg1+ 40. Ke2
Qxh2+ 41. Kd1 Qg1+ 42. Ke2 Qf2+ 43. Kd1 Qf3+ 44. Qe2 Qxg3 45. Qd3 Qg1+ 46. Ke2
Qf2+ 47. Kd1 Qf3+ 48. Ke1 Bf2+ 49. Kd2 Qxd3+ 50. Kxd3 Kf6 51. Bxd4+ Bxd4 52.
Kxd4 h5 53. b4 Ke6 54. c4 Kd6 {White resigns} 0-1

[Event "Team 45 45 League T52"]
[Site "Internet Chess Club"]
[Date "2012.03.15"]
[Round "5"]
[White "PJ"]
[Black "Goli"]
[Result "0-1"]
[WhiteElo "1727"]
[BlackElo "1769"]
[Opening "Robatsch (modern) defense"]
[ECO "B06"]
[Time "15:00:36"]
[TimeControl "2700+45"]

1. e4 g6 2. d4 Bg7 3. Be3 d6 4. Bd3 Nf6 5. h3 O-O 6. Qd2 Nc6 7. c3 e5 8. d5 Ne7
9. c4 c6 10. Nc3 cxd5 11. cxd5 a6 12. Na4 b5 13. Nb6 Rb8 14. Nxc8 Rxc8 15. Ne2
Nd7 16. O-O f5 17. f3 f4 18. Bf2 g5 19. a4 Nc5 20. axb5 Nxd3 21. Qxd3 axb5 22.
Rfc1 Rxc1+ 23. Rxc1 Qd7 24. Qa3 Rb8 25. Qa5 Rb7 26. Bb6 h5 27. Qa8+ Bf8 28. Qd8
Qxd8 29. Bxd8 Kf7 30. Rc7 Rb8 31. Bxe7 Bxe7 32. g3 Kf6 33. g4 hxg4 34. hxg4 Bd8
35. Rc2 Bb6+ 36. Kg2 Ra8 37. Rc6 Bc5 38. Nc3 Ra5 39. b3 Ke7 40. Rc7+ Kf6 41. Rb7
b4 42. Na4 Ra6 43. Rc7 Bd4 44. Rc6 Rxc6 45. dxc6 Ke7 46. Kf1 Kd8 47. Ke2 Kc7 48.
Kd3 Kxc6 49. Kc4 d5+ 50. exd5+ Kd6 51. Kd3 Kxd5 52. Ke2 e4 {White resigns} 0-1

[Event "Team 45 45 League T52"]
[Site "Internet Chess Club"]
[Date "2012.03.18"]
[Round "5"]
[White "justice02"]
[Black "AntonioMendonca"]
[Result "1/2-1/2"]
[WhiteElo "1784"]
[BlackElo "1710"]
[Opening "Queen's Indian: 4.g3"]
[ECO "E15"]
[Time "18:18:47"]
[TimeControl "2700+45"]

1. Nf3 Nf6 2. c4 e6 3. d4 b6 4. g3 Bb4+ 5. Bd2 Bxd2+ 6. Nbxd2 Bb7 7. Bg2 O-O 8.
O-O d5 9. b3 c5 10. e3 cxd4 11. exd4 Nc6 12. Re1 Rc8 13. a3 Na5 14. cxd5 Bxd5
15. b4 Nc4 16. Nxc4 Rxc4 17. Ne5 Rc8 18. Bxd5 Nxd5 19. Rc1 Rc3 20. Rxc3 Nxc3 21.
Qd3 Qc7 22. Nf3 Rc8 23. Ng5 g6 24. Ne4 Nxe4 25. Qxe4 Qc3 {Game drawn by mutual
agreement} 1/2-1/2

[Event "Team 45 45 League T52"]
[Site "Internet Chess Club"]
[Date "2012.03.17"]
[Round "5"]
[White "rahulr"]
[Black "randallsr"]
[Result "0-1"]
[WhiteElo "1602"]
[BlackElo "1721"]
[Opening "French: Winawer, advance variation"]
[ECO "C17"]
[Time "21:26:12"]
[TimeControl "2700+45"]

1. e4 e6 2. d4 d5 3. Nc3 Bb4 4. e5 c5 5. Nf3 Qc7 6. Bd2 a6 7. dxc5 Ne7 8. Bd3
Bxc3 9. bxc3 Qxc5 10. O-O Bd7 11. Rb1 b5 12. Rb3 Qc7 13. Re1 Nbc6 14. Ng5 h6 15.
Qh5 g6 16. Qh3 Na5 17. Rbb1 Nc4 18. Bf4 Nf5 19. g4 Ng7 20. Nf3 h5 21. Nh4 O-O-O
22. g5 Nf5 23. Nxf5 gxf5 24. Be2 h4 25. Red1 Rdg8 26. Bxc4 Qxc4 27. Qe3 h3 28.
Bg3 Qg4 29. f4 Bc6 30. Qc5 Kb7 31. a4 Qf3 32. Qf2 Qxc3 33. Rb3 Qa5 34. axb5 Bxb5
35. Rdb1 Rc8 36. Qe2 Rc4 37. Be1 Qb6+ 38. Bf2 Qc6 39. Qe3 d4 40. Qg3 Rxc2 41. g6
Rg8 42. Qxh3 Rc1+ 43. Rxc1 Qxc1+ 44. Kg2 Rxg6+ 45. Kf3 Qd1# {White checkmated}
0-1

[Event "Team 45 45 League T52"]
[Site "Internet Chess Club"]
[Date "2012.03.16"]
[Round "5"]
[White "fishhead"]
[Black "parpin"]
[Result "1/2-1/2"]
[WhiteElo "1863"]
[BlackElo "2065"]
[Opening "French: Tarrasch, closed variation, main line"]
[ECO "C06"]
[Time "12:00:36"]
[TimeControl "2700+45"]

1. e4 e6 2. d4 d5 3. Nd2 Nf6 4. e5 Nfd7 5. Bd3 c5 6. c3 Nc6 7. Ne2 cxd4 8. cxd4
f6 9. exf6 Nxf6 10. O-O Bd6 11. Nf3 O-O 12. Bf4 Bxf4 13. Nxf4 Qd6 14. g3 e5 15.
dxe5 Nxe5 16. Nxe5 Qxe5 17. Qb3 Kh8 18. Rfe1 Qd6 19. Rad1 Bg4 {Game drawn by
mutual agreement} 1/2-1/2

[Event "Team 45 45 League T52"]
[Site "Internet Chess Club"]
[Date "2012.03.19"]
[Round "5"]
[White "ramirozp"]
[Black "IshanR"]
[Result "1-0"]
[WhiteElo "1765"]
[BlackElo "1771"]
[Opening "Ruy Lopez: Schliemann defense"]
[ECO "C63"]
[Time "07:05:06"]
[TimeControl "2700+45"]

1. e4 e5 2. Nf3 Nc6 3. Bb5 f5 4. exf5 e4 5. Qe2 Qe7 6. Bxc6 dxc6 7. Nd4 Nh6 8.
Qh5+ Nf7 9. Qe2 Qe5 10. Ne6 Bd6 11. Nc3 Bxe6 12. fxe6 Ng5 13. d4 Qxd4 14. Bxg5
O-O 15. Rd1 Qe5 16. Nxe4 Qa5+ 17. c3 Rae8 18. Qc4 Kh8 19. O-O Rf5 20. Rxd6 Rxg5
21. Nxg5 cxd6 22. Nf7+ Kg8 23. Nxd6 {Black resigns} 1-0

[Event "Team 45 45 League T52"]
[Site "Internet Chess Club"]
[Date "2012.03.16"]
[Round "5"]
[White "Zumbi"]
[Black "King-Ghost"]
[Result "1-0"]
[WhiteElo "2154"]
[BlackElo "2196"]
[Opening "French: Winawer, advance, Bogolyubov variation"]
[ECO "C17"]
[Time "19:24:06"]
[TimeControl "2700+45"]

1. e4 e6 2. d4 d5 3. Nc3 Bb4 4. e5 c5 5. Bd2 Ne7 6. a3 Ba5 7. dxc5 Nbc6 8. Nf3
Ng6 9. Bb5 O-O 10. Bxc6 bxc6 11. O-O f6 12. exf6 Qxf6 13. Bg5 Qf5 14. Ne2 e5 15.
Ng3 Qg4 16. h3 Qe6 17. c4 h6 18. Be3 d4 19. Bd2 Bxd2 20. Nxd2 Bd7 21. b4 Nf4 22.
Qb3 Nxg2 23. Kxg2 Rab8 24. Rh1 Rf4 25. Nge4 Rbf8 26. Qg3 Be8 27. Kh2 g5 28. Rae1
Bg6 29. f3 {Black resigns} 1-0

[Event "Team 45 45 League T52"]
[Site "Internet Chess Club"]
[Date "2012.03.16"]
[Round "5"]
[White "Tobiasdelmonte"]
[Black "upsan"]
[Result "0-1"]
[WhiteElo "1809"]
[BlackElo "1835"]
[Opening "English opening"]
[ECO "A13"]
[Time "22:00:20"]
[TimeControl "2700+45"]

1. c4 e6 2. g3 f5 3. Bg2 Nf6 4. Nc3 c6 5. Nf3 d5 6. cxd5 exd5 7. d4 Bd6 8. O-O
O-O 9. Bg5 Qe8 10. Re1 Ne4 11. Qb3 Qg6 12. Be3 Nd7 13. Nxe4 fxe4 14. Ng5 Nf6 15.
Nh3 Bxh3 16. Bxh3 Qh5 17. Bg2 Ng4 18. h3 Nxe3 19. Qxe3 Rae8 20. b4 Bxb4 21. Reb1
Be7 22. Rxb7 Bg5 23. Qa3 Qxe2 24. Rf1 e3 25. f4 Bf6 26. Bf3 Qd2 27. Rb2 Qxd4 28.
Rb4 Qd2 29. Rbb1 e2 30. Rfe1 Re3 31. Rxe2 Rxe2 32. Bxe2 Qxe2 33. Qb4 Qe3+ 34.
Kg2 Bd4 35. Qe1 Re8 36. Qxe3 Bxe3 37. Kf3 Bb6 38. a4 Re3+ 39. Kg4 Ra3 40. Kf5
Kf7 41. Ke5 Ke7 42. a5 Rxa5 43. f5 Ra4 44. f6+ gxf6+ 45. Kf5 Ra3 46. Re1+ Re3
47. Rc1 c5 48. g4 d4 49. h4 Re5+ 50. Kf4 Ke6 51. g5 fxg5+ 52. hxg5 Kd5 53. Rh1
Bc7 54. Kg4 Re7 55. Kf5 Rf7+ 56. Kg4 d3 57. Rh5 Kd4 {White resigns} 0-1

[Event "Team 45 45 League T52"]
[Site "Internet Chess Club"]
[Date "2012.03.18"]
[Round "5"]
[White "viking99"]
[Black "Goli"]
[Result "0-1"]
[WhiteElo "1837"]
[BlackElo "1823"]
[Opening "Robatsch defense: Geller's system"]
[ECO "B06"]
[Time "18:01:38"]
[TimeControl "2700+45"]

1. e4 g6 2. d4 Bg7 3. Nf3 d6 4. c3 Nf6 5. Bd3 O-O 6. O-O Bg4 7. Nbd2 Nc6 8. Qb3
Rb8 9. h3 Bxf3 10. Nxf3 e5 11. Be3 exd4 12. cxd4 Qe7 13. Nd2 Nh5 14. Qc4 a5 15.
a3 h6 16. Rac1 Rfc8 17. g4 Nf6 18. f4 Qd7 19. e5 dxe5 20. fxe5 Nd5 21. Kf2 Nce7
22. Nf3 Nxe3 23. Kxe3 Nd5+ 24. Kf2 c6 25. Rce1 b5 26. Qc2 b4 27. e6 fxe6 28.
Bxg6 bxa3 29. bxa3 Rf8 30. Kg3 Qd6+ 31. Ne5 Rxf1 32. Rxf1 Ne3 33. Qf2 Nxf1+ 34.
Qxf1 Bxe5+ 35. dxe5 Qxe5+ 36. Kg2 Rb2+ 37. Kf3 Qf6+ 38. Bf5 exf5 39. Qc4+ Kg7
40. Kg3 fxg4 41. Qxg4+ Qg6 {White resigns} 0-1

[Event "Team 45 45 League T52"]
[Site "Internet Chess Club"]
[Date "2012.03.14"]
[Round "5"]
[White "chiiwen"]
[Black "chess9793"]
[Result "1-0"]
[WhiteElo "2239"]
[BlackElo "2145"]
[Opening "Sicilian defense"]
[ECO "B33"]
[Time "22:00:26"]
[TimeControl "2700+45"]

1. e4 c5 2. Nf3 Nc6 3. d4 cxd4 4. Nxd4 Nf6 5. Nc3 g6 6. Be2 Bg7 7. Nb3 O-O 8.
O-O d6 9. Kh1 Bd7 10. f4 Rc8 11. Be3 b6 12. Bf3 Qc7 13. Nb5 Qb8 14. c3 a6 15.
N5d4 b5 16. a3 a5 17. Qb1 b4 18. Nxc6 Bxc6 19. Nxa5 Bb5 20. axb4 Bxf1 21. Qxf1
Nd7 22. b5 Nc5 23. Nc6 Rxc6 24. bxc6 Qxb2 25. Bxc5 dxc5 26. e5 Rc8 27. Qa6 Bf8
28. Rd1 Qb8 29. h3 Bh6 30. Qb7 Qxb7 31. cxb7 Rb8 32. g3 Kf8 33. Ra1 {Black
resigns} 1-0

[Event "Team 45 45 League T52"]
[Site "Internet Chess Club"]
[Date "2012.03.18"]
[Round "5"]
[White "elmaestro"]
[Black "pmcglothin"]
[Result "0-1"]
[WhiteElo "1875"]
[BlackElo "1935"]
[Opening "King's Indian: fianchetto, Larsen system"]
[ECO "A15"]
[Time "13:10:46"]
[TimeControl "2700+45"]

1. c4 Nf6 2. g3 g6 3. Bg2 Bg7 4. Nf3 O-O 5. O-O d6 6. Nc3 c6 7. d4 Bf5 8. Re1
Ne4 9. Nh4 Nxc3 10. bxc3 Bd7 11. Qb3 Qc7 12. Rb1 b6 13. e4 e5 14. Be3 c5 15. d5
Bc8 16. a4 Nd7 17. Rf1 Nf6 18. Bf3 h6 19. Be2 Nxe4 20. Qc2 Nf6 21. f4 Bh3 22.
fxe5 dxe5 23. Bxh6 Bxf1 24. Rxf1 Bxh6 25. Rxf6 Bg5 26. Rc6 Qd7 27. Qe4 Bxh4 28.
Qxh4 Kg7 29. Qf6+ Kg8 30. Bd3 Qg4 31. Kg2 e4 32. h3 Qf3+ 33. Qxf3 exf3+ 34. Kxf3
Rac8 35. Rf6 Kg7 36. Rf4 Rcd8 37. h4 Rd6 38. Re4 Rfd8 39. g4 R8d7 40. g5 f5 41.
gxf6+ Rxf6+ 42. Kg3 Rdf7 43. Re3 Kf8 44. Kg4 Re7 45. Rg3 Re5 46. Rh3 Kg7 47. Rg3
Kh6 48. Kh3 Re1 49. Kh2 Ra1 50. Re3 Rxa4 51. Re6 Ra2+ 52. Kg3 Raf2 53. Be4 Kg7
54. Rc6 Rxc6 55. dxc6 Rf7 56. Kg4 Kf6 57. Kf4 a5 58. Ke3 Re7 59. Kd3 a4 60. Kc2
Rxe4 {White resigns} 0-1

[Event "Team 45 45 League T52"]
[Site "Internet Chess Club"]
[Date "2012.03.18"]
[Round "5"]
[White "Bonneville"]
[Black "leland"]
[Result "1/2-1/2"]
[WhiteElo "1857"]
[BlackElo "1844"]
[Opening "French: Rubinstein variation"]
[ECO "C10"]
[Time "17:04:19"]
[TimeControl "2700+45"]

1. e4 e6 2. d4 d5 3. Nc3 dxe4 4. Nxe4 Nd7 5. Nf3 Ngf6 6. Nxf6+ Nxf6 7. Bd3 Be7
8. Qe2 b6 9. Bg5 Bb7 10. c3 h6 11. Bh4 Nd5 12. Bxe7 Qxe7 13. Qe5 Nf6 14. O-O O-O
15. Be2 Rac8 16. Rad1 c5 17. dxc5 Rxc5 18. Qd6 Qxd6 19. Rxd6 Bd5 20. a3 Rfc8 21.
Rd1 Kf8 22. Ba6 R8c7 23. Rd8+ Ke7 24. Rb8 Nd7 25. Rg8 g6 26. Nd4 Nf8 27. Rh8 h5
28. h3 f6 29. Bd3 Kf7 30. c4 Bxc4 31. Rxf8+ Kxf8 32. Bxc4 Rxc4 33. Nxe6+ Ke7 34.
Nxc7 Rxc7 35. Rd2 Ke6 36. Kf1 Rc5 37. Ke2 Ke5 38. Ke3 Rb5 39. f4+ Kf5 40. b4 a5
41. Rd4 Ke6 42. g4 axb4 43. axb4 hxg4 44. hxg4 f5 45. g5 Rd5 46. Rc4 Kd7 {Game
drawn by mutual agreement} 1/2-1/2

[Event "Team 45 45 League T52"]
[Site "Internet Chess Club"]
[Date "2012.03.17"]
[Round "5"]
[White "browndeer"]
[Black "justice02"]
[Result "0-1"]
[WhiteElo "1474"]
[BlackElo "1788"]
[Opening "Caro-Kann: advance variation"]
[ECO "B12"]
[Time "23:00:19"]
[TimeControl "2700+45"]

1. e4 c6 2. d4 d5 3. e5 Bf5 4. Nf3 e6 5. Be2 Nd7 6. Bd3 Bg6 7. Nc3 a6 8. a3 Rc8
9. b4 Ne7 10. O-O Nf5 11. Re1 Nh4 12. Rb1 Be7 13. Nxh4 Bxh4 14. Qf3 O-O 15. Qg4
b5 16. Ne2 Bxd3 17. cxd3 f5 18. Qf3 Qe8 19. Nf4 Qf7 20. Rf1 Kh8 21. g3 Bg5 22.
Ng2 Bxc1 23. Rbxc1 g5 24. Qe2 Rg8 25. f4 g4 26. Rc2 Rc7 27. Rfc1 Rgc8 28. Rc3
Nb6 29. Ne3 h5 30. Ng2 Qe8 31. Nh4 Nd7 32. Qa2 Kh7 33. a4 Nb6 34. a5 Nd7 35. Qc2
Nf8 36. Kg2 Ng6 37. Nxg6 Kxg6 38. Kf2 h4 39. Rh1 Qh8 40. Qd1 Rh7 41. Rc1 Qg7 42.
Rg1 Qe7 43. Rb1 Rch8 44. Qf1 hxg3+ 45. hxg3 Rh2+ 46. Rg2 Qa7 47. Ke3 R8h3 48.
Re1 Qe7 49. Rb1 Qh7 50. Qf2 Rxg3+ 51. Qxg3 Rh3 52. Rbg1 Rxg3+ 53. Rxg3 Qh2 54.
R1g2 Qh7 55. Rg1 Qh4 56. R1g2 Kh5 57. Kf2 Qe7 58. Rh2+ Kg6 59. Rh8 Qxb4 60. Ke3
Qe1# {White checkmated} 0-1

[Event "Team 45 45 League T52"]
[Site "Internet Chess Club"]
[Date "2012.03.14"]
[Round "5"]
[White "HomerSimpson"]
[Black "CuatroPrincesas"]
[Result "1-0"]
[WhiteElo "2096"]
[BlackElo "2126"]
[Opening "Polish (Sokolsky) opening"]
[ECO "A00"]
[Time "17:05:40"]
[TimeControl "2700+45"]

1. b4 e5 2. Bb2 d6 3. c4 g6 4. Nf3 Bg7 5. e3 Ne7 6. d4 Nd7 7. c5 O-O 8. cxd6
cxd6 9. Be2 e4 10. Nfd2 d5 11. Nc3 f5 12. Qb3 Nf6 13. O-O Rf7 14. Rac1 g5 15. f3
Ng6 16. fxe4 fxe4 17. Nxd5 Nxd5 18. Rxf7 Kxf7 19. Bc4 Be6 20. Nxe4 b6 21. Nc3
Nge7 22. Nxd5 Bxd5 23. e4 Bxc4 24. Qxc4+ Kg6 25. Qe6+ Kh5 26. Qh3+ Kg6 27. Qe6+
Kh5 28. e5 Rc8 29. Qh3+ Kg6 30. Qe6+ Kh5 31. Rf1 Rc2 32. Qh3+ Kg6 33. Qd3+
{Black resigns} 1-0

[Event "Team 45 45 League T52"]
[Site "Internet Chess Club"]
[Date "2012.03.16"]
[Round "5"]
[White "Fezzik"]
[Black "Lucas"]
[Result "1-0"]
[WhiteElo "2164"]
[BlackElo "2137"]
[Opening "QGD"]
[ECO "D52"]
[Time "16:04:09"]
[TimeControl "2700+45"]

1. d4 d5 2. c4 c6 3. Nf3 Nf6 4. Nc3 e6 5. Bg5 Nbd7 6. e3 Be7 7. Bd3 dxc4 8. Bxc4
b5 9. Bd3 Bb7 10. O-O a6 11. Rc1 c5 12. Bxf6 Bxf6 13. Ne4 Be7 14. dxc5 Bc6 15.
Nd6+ Bxd6 16. cxd6 Rc8 17. Nd4 Bb7 18. Qg4 O-O 19. Rfd1 h6 20. Qg3 Nc5 21. Bb1
Na4 22. Rxc8 Qxc8 23. Qe5 Nxb2 24. Nf5 exf5 25. Qxb2 f4 26. d7 Qc6 27. f3 Qb6
28. Qd4 Qxd4 29. Rxd4 Rd8 30. exf4 Bc6 31. Bf5 Kf8 32. Rd6 Bb7 33. Rb6 Bd5 34.
Rxa6 Ke7 35. Kf2 Be6 36. Bxe6 fxe6 37. Ra7 Rxd7 38. Rxd7+ Kxd7 39. Ke3 Kd6 40.
Kd4 g6 41. a3 Kc6 42. Ke5 Kc5 43. Kxe6 Kc4 44. Kf6 {Black resigns} 1-0

[Event "Team 45 45 League T52"]
[Site "Internet Chess Club"]
[Date "2012.03.17"]
[Round "5"]
[White "sonoftill"]
[Black "Truxton"]
[Result "1-0"]
[WhiteElo "1857"]
[BlackElo "1873"]
[Opening "Sicilian: closed"]
[ECO "B23"]
[Time "13:00:29"]
[TimeControl "2700+45"]

1. e4 c5 2. Nc3 e6 3. g3 Nc6 4. Bg2 Nf6 5. f4 d5 6. e5 Nd7 7. Nf3 Be7 8. d3 Rb8
9. O-O b5 10. Kh1 O-O 11. Ne2 Qc7 12. Neg1 Bb7 13. Re1 d4 14. Nh3 Nb6 15. b3 c4
16. Nfg5 Bb4 17. Bd2 Bxd2 18. Qxd2 Ne7 19. Ne4 Nf5 20. Qe2 Ne3 21. Bf3 cxb3 22.
cxb3 Qc2 23. Rac1 Qxe2 24. Rxe2 Rbc8 25. Ree1 Bxe4 26. Bxe4 b4 27. Ng5 h6 28.
Nf3 Nc2 29. Re2 Ne3 30. Rc6 Rxc6 31. Bxc6 Nf5 32. Be4 Rc8 33. Bxf5 Rc1+ 34. Kg2
exf5 35. Nxd4 Rd1 36. Nxf5 Rxd3 37. Rc2 a5 38. Kf2 Nd5 39. Ke2 Rc3 40. Kd2 Rf3
41. Rc8+ Kh7 42. Ke2 Rc3 43. Rxc3 Nxc3+ 44. Kd3 Nxa2 45. Nd6 Kg8 46. Nb7 Nc1+
47. Kc2 Ne2 48. Nxa5 Nd4+ 49. Kd3 Nf3 50. h3 g5 51. Ke3 Ne1 52. f5 Nc2+ 53. Ke4
Kf8 54. g4 Ke7 55. Nc6+ Kd7 56. Nd4 Ne1 57. Kd5 Nd3 58. e6+ fxe6+ 59. fxe6+ Ke8
60. Nf5 Nf4+ 61. Kd6 Ng6 62. Nxh6 Kd8 63. Nf7+ {Black resigns} 1-0

[Event "Team 45 45 League T52"]
[Site "Internet Chess Club"]
[Date "2012.03.14"]
[Round "5"]
[White "rubo"]
[Black "toukon"]
[Result "1/2-1/2"]
[WhiteElo "1675"]
[BlackElo "1709"]
[Opening "Bird's opening"]
[ECO "A02"]
[Time "20:00:16"]
[TimeControl "2700+45"]

1. f4 g6 2. Nf3 c5 3. e3 Bg7 4. Be2 Nc6 5. O-O Nf6 6. Ne5 Qc7 7. Nxc6 Qxc6 8.
Bf3 Qc7 9. c4 O-O 10. Nc3 a6 11. b3 Rb8 12. a4 b6 13. Bb2 Bb7 14. Qc2 Rfd8 15.
Rac1 d5 16. cxd5 Nxd5 17. Bxd5 Bxd5 18. Nxd5 Rxd5 19. Bxg7 Kxg7 20. d4 Rc8 21.
Qc4 Qb7 22. b4 b5 23. axb5 axb5 24. Qc3 c4 25. Ra1 Rdd8 26. Ra5 Kg8 27. Rfa1 Rb8
28. Ra7 Qe4 29. Kf2 Ra8 30. Rxa8 Rxa8 31. Ra5 Rb8 32. Ra7 Kf8 33. d5 Kg8 34. d6
exd6 35. Qf6 Qe6 36. Qd4 Rc8 37. Qc3 Qd5 38. h3 Ra8 39. Qd4 Qc6 40. Rxa8+ Qxa8
41. Qxd6 Qf8 42. Qd2 Qe7 43. Qc3 Qh4+ 44. Kf3 Qh5+ 45. Kf2 Qd1 46. g4 Qb3 47.
Qe5 Qxb4 48. Qe8+ Kg7 49. g5 Qb2+ 50. Kf3 Qb1 51. Qe5+ Kg8 52. Qe8+ Kg7 53. Qe5+
Kg8 {Game drawn by mutual agreement} 1/2-1/2

[Event "Team 45 45 League T52"]
[Site "Internet Chess Club"]
[Date "2012.03.17"]
[Round "5"]
[White "BlackHorse"]
[Black "BlazekaMatej"]
[Result "1/2-1/2"]
[WhiteElo "2102"]
[BlackElo "2173"]
[Opening "Giuoco Piano"]
[ECO "C54"]
[Time "07:07:23"]
[TimeControl "2700+45"]

1. e4 e5 2. Nf3 Nc6 3. Bc4 Bc5 4. c3 Nf6 5. d3 d6 6. h3 a6 7. Bb3 Ba7 8. O-O Ne7
9. Be3 O-O 10. Re1 Ng6 11. Nbd2 h6 12. Nf1 c5 13. Ng3 b5 14. Qd2 Kh7 15. Rad1
Qc7 16. d4 Bb7 17. Bc2 Rfd8 18. Qc1 cxd4 19. cxd4 Rac8 20. dxe5 Bxe3 21. Qxe3
dxe5 22. Rc1 Qc5 23. Qxc5 Rxc5 24. Bb3 Rxc1 25. Rxc1 Nxe4 26. Rc7 Nxg3 27. Rxb7
Ne2+ 28. Kf1 Nef4 29. Bc2 Rc8 30. Ne1 Kg8 31. Bb3 Ne6 32. g3 Rc6 33. Nd3 Rc7 34.
Rb8+ Kh7 35. Bxe6 fxe6 36. Rb6 e4 37. Ne1 Ne5 38. Rxa6 Nf3 39. Nxf3 exf3 40.
Rxe6 Rc2 41. Re3 Rxb2 42. Rxf3 Rxa2 43. Rb3 Ra5 44. Ke2 Kg6 45. Kd3 Kf5 46. Kd4
g5 47. f3 Kf6 48. Kc5 {Game drawn by mutual agreement} 1/2-1/2

[Event "Team 45 45 League T52"]
[Site "Internet Chess Club"]
[Date "2012.03.18"]
[Round "5"]
[White "L0-VE"]
[Black "DARKwizard1"]
[Result "1/2-1/2"]
[WhiteElo "1948"]
[BlackElo "2048"]
[Opening "Queen's pawn: Lundin (Kevitz-Mikenas) defense"]
[ECO "A40"]
[Time "15:07:46"]
[TimeControl "2700+45"]

1. d4 Nc6 2. Bf4 d6 3. Nf3 Nf6 4. e3 e6 5. h3 Be7 6. c4 d5 7. Nc3 Bb4 8. a3
Bxc3+ 9. bxc3 Ne4 10. Qb3 O-O 11. Bd3 Na5 12. Qc2 f5 13. cxd5 exd5 14. c4 c6 15.
Ne5 Be6 16. c5 Rc8 17. f3 Nf6 18. Bxf5 Bxf5 19. Qxf5 Nb3 20. Ra2 Qa5+ 21. Kf1
Rce8 22. Kg1 Nc1 23. Rc2 Qxa3 24. Kh2 Nb3 25. Rb1 a5 26. Rcb2 a4 27. Nd7 Nxd7
28. Qxd7 Qb4 29. Be5 Rxe5 30. dxe5 Qxc5 31. Qxb7 Qxe3 32. Qxc6 Qxe5+ 33. Kh1 Qd4
34. Qa6 Nd2 35. Rb4 Qe3 36. Ra1 Nxf3 37. Qd6 Ne1 38. Qxd5+ Kh8 39. Qf5 Qe7 40.
Qxf8+ Qxf8 41. Rxe1 h6 42. Rxa4 Kh7 43. Rae4 Qf6 44. Re7 Qc3 45. R1e3 Qa1+ 46.
Kh2 Qd4 47. g4 Qd2+ 48. Kg3 Qd6+ 49. R3e5 Qd3+ 50. Kh4 Qd4 51. Rf5 Kg8 52. Rff7
g6 53. Rg7+ {Game drawn by mutual agreement} 1/2-1/2

[Event "Team 45 45 League T52"]
[Site "Internet Chess Club"]
[Date "2012.03.15"]
[Round "5"]
[White "ben622"]
[Black "parpin"]
[Result "0-1"]
[WhiteElo "2019"]
[BlackElo "2074"]
[Opening "French: Tarrasch, closed variation, main line"]
[ECO "C06"]
[Time "13:21:26"]
[TimeControl "2700+45"]

1. e4 e6 2. d4 d5 3. Nd2 Nf6 4. e5 Nfd7 5. Bd3 c5 6. c3 Nc6 7. Ne2 cxd4 8. cxd4
f6 9. exf6 Nxf6 10. Nf3 Bd6 11. O-O O-O 12. Nc3 Bd7 13. Re1 Rc8 14. a3 Ng4 15.
h3 Nxf2 16. Kxf2 Qh4+ 17. Kg1 Rxf3 18. gxf3 Qg3+ 19. Kf1 Qxh3+ 20. Ke2 Nxd4+ 21.
Ke3 Qh6+ 22. Kf2 Qh2+ 23. Ke3 Qf4+ 24. Kf2 Qh4+ 25. Ke3 Bf4+ 26. Kxd4 Qf6+
{White resigns} 0-1